 Dungeon Crawl Stone Soup version 0.30-a0-475-g03497ec522 (webtiles) character file.

Game seed: 7056299615931061193

331 NinjaNoafa the Insei (level 6, 0/47 HPs)
             Began as a Gnoll Transmuter on Dec 21, 2022.
             Slain by a gnoll
             ... wielding a +0 halberd
              (15 damage)
             ... on level 4 of the Dungeon.
             The game lasted 00:08:25 (2442 turns).

NinjaNoafa the Insei (Gnoll Transmuter)             Turns: 2442, Time: 00:08:26

Health: 0/47       AC:  4    Str:  9    XL:     6   Next: 51%
Magic:  12/14      EV: 13    Int: 15    God:
Gold:   211        SH:  0    Dex: 12    Spells: 12/15 levels left

rFire   . . .      SeeInvis .      - Unarmed
rCold   . . .      Faith    .    t - orb {light}
rNeg    . . .      Spirit   .    d - +0 leather armour
rPois   .          Reflect  .    (helmet currently unavailable)
rElec   .          Harm     .    (no cloak)
rCorr   .          Rampage  .    e - +0 pair of gloves
Will    .....                    (boots currently unavailable)
Stlth   +.........               (no amulet)
HPRegen 0.27/turn                (no ring)
MPRegen 0.14/turn                (no ring)

@: appendages, wereblooded, glowing
A: horns 2, talons 2, fangs 1, strong nose, distributed training
a: End Transformation


You were on level 4 of the Dungeon.
You had temporarily grown beastly horns and talons.
You visited 1 branch of the dungeon, and saw 4 of its levels.

You collected 211 gold pieces.

Inventory:

Missiles
 f - 17 stones
 j - 6 poisoned darts
 m - 2 boomerangs
Armour
 d - a +0 leather armour (worn)
 e - a +0 pair of gloves (worn)
 s - a +2 helmet (melded)
 t - an orb of light (worn)
Scrolls
 c - a scroll of noise {unknown}
 g - a scroll of amnesia {unknown}
 h - 2 scrolls of teleportation {unknown}
 i - a scroll of enchant armour {unknown}
 k - a scroll of magic mapping {unknown}
 l - 2 scrolls of identify {unknown}
 n - a scroll of fear {unknown}
Potions
 a - a potion of mutation {unknown}
 b - a potion of curing
 o - 2 potions of cancellation {unknown}
 p - a potion of attraction
 q - 2 potions of heal wounds {unknown}
 r - a potion of haste {unknown}


   Skills:
 + Level 3.3 Fighting
 + Level 2.1 Short Blades
 + Level 2.1 Long Blades
 + Level 2.1 Axes
 + Level 2.1 Maces & Flails
 + Level 2.1 Polearms
 + Level 2.1 Staves
 + Level 2.1 Ranged Weapons
 + Level 2.1 Throwing
 + Level 2.1 Armour
 + Level 5.0 Dodging
 + Level 2.1 Stealth
 + Level 2.1 Shields
 + Level 6.9 Unarmed Combat
 + Level 5.4 Spellcasting
 + Level 1.6 Conjurations
 + Level 1.6 Hexes
 + Level 1.6 Summonings
 + Level 1.6 Necromancy
 + Level 1.6 Translocations
 + Level 4.1 Transmutations
 + Level 1.6 Fire Magic
 + Level 1.6 Ice Magic
 + Level 1.6 Air Magic
 + Level 1.6 Earth Magic
 + Level 1.6 Poison Magic
 + Level 2.3 Invocations
 + Level 2.1 Evocations


You had 12 spell levels left.
You knew the following spells:

 Your Spells              Type           Power      Damage    Failure   Level
a - Beastly Appendage     Tmut           32%        N/A       3%          1
b - Wereblood             Tmut           16%        N/A       6%          2

Your spell library contained the following spells:

 Spells                   Type           Power      Damage    Failure   Level
 Necrotise                Necr           36%        1d5       11%         1
 Blink                    Tloc           18%        N/A       16%         2
 Momentum Strike          Conj/Tloc      18%        3d8       16%         2
 Sublimation of Blood     Necr           9%         N/A       16%         2
 Spider Form              Tmut/Pois      12%        N/A       19%         3
 Lesser Beckoning         Tloc           18%        N/A       32%         3
 Vampiric Draining        Necr           9%         2d6       32%         3
 Ice Form                 Ice/Tmut       12%        N/A       54%         4
 Petrify                  Tmut/Erth      12%        N/A       54%         4
 Irradiate                Conj/Tmut      6%         3d13      87%         5
 Agony                    Necr           9%         N/A       96%         5


Dungeon Overview and Level Annotations

Branches:
Dungeon (4/15)
 Temple: D:4-7

Altars:
Gozag
Hepliaklqana
Nemelex Xobeh
Uskayaw

Annotations:
D:3 2 transporters, lotum's ghost, amateur FoFi


Innate Abilities, Weirdness & Mutations

You have temporarily grown beastly horns and talons.
You have very sharp teeth.
Your uncanny sense of smell can sniff out nearby items.
Your experience applies equally to all skills.


Message History

There is a stone staircase leading up here.
You hear the rapid hiss of an avalanche of sand nearby.
Found 5 gold pieces.
A gnoll comes into view. It is wielding a +0 halberd.
The gnoll shouts!
You hear a shout! 2 gnolls come into view.
The gnoll shouts! x2
A gnoll comes into view. It is wielding a +0 spear.
Casting: Beastly Appendage (safe; 3% risk of failure)
Confirm with . or Enter, or press ? or * to list all spells.
You grow a pair of large bovine horns.
Your feet morph into talons.
Your +2 helmet melds into your body.
The gnoll misses you.
Casting: Beastly Appendage (safe; 3% risk of failure)
Confirm with . or Enter, or press ? or * to list all spells.
Your blood is infused with primal strength.
The gnoll hits you from afar with a +0 halberd!
An endoplasm comes into view.
The gnoll barely misses you. x2
The endoplasm quivers.
You hit the gnoll but do no damage.
The gnoll hits you from afar with a +4 spear.
The gnoll hits you from afar with a +0 spear.
You punch the gnoll! You claw the gnoll.
You headbutt the gnoll, but do no damage.
The gnoll is severely wounded.
The gnoll misses you. x2
The gnoll hits you from afar with a +4 spear!
You hit the gnoll.
The gnoll is almost dead.
The gnoll misses you. The gnoll barely misses you.
The gnoll hits you from afar with a +0 halberd!
* * * LOW HITPOINT WARNING * * *
The gnoll hits you from afar with a +0 spear.
* * * LOW HITPOINT WARNING * * *
Okay, then.
The gnoll attacks as you move away! The gnoll completely misses you.
You feel better.
The gnoll hits you from afar with a +4 spear.
The gnoll hits you from afar with a +0 halberd!
You die...

###########
#.....$....
#..........
##.g.g......
###########..@.gg.....
#...............J.....
#
#.##########..........
####.##### #######.#..
.##......# ######## .
>###.....## ###..))<#
.# ##.....####.....###
## ##.....#.....### #
##........##


You could see 4 gnolls and an endoplasm.

Vanquished Creatures
  Blork the orc (D:4)
  2 orc priests (D:4)
  An orc wizard (D:4)
  Robin (D:4)
  2 adders
  3 gnolls (D:4)
  5 worms
  11 orcs
  7 ball pythons
  3 bats
  7 endoplasms
  2 giant cockroaches
  15 goblins
  11 hobgoblins
  3 quokkas
  3 frilled lizards
  7 kobolds
  7 rats
91 creatures vanquished.

Notes
Turn   | Place    | Note
-------+----------+-------------------------------------------
     0 | D:1      | NinjaNoafa the Gnoll Transmuter began the quest for the
                  | Orb.
     0 | D:1      | Reached XP level 1. HP: 17/17 MP: 6/6
   201 | D:1      | Reached XP level 2. HP: 18/23 MP: 5/7
   447 | D:1      | Learned a level 2 spell: Wereblood
   812 | D:2      | Reached skill level 5 in Spellcasting
   812 | D:2      | Reached XP level 3. HP: 17/28 MP: 6/9
  1066 | D:2      | Reached skill level 1 in Invocations
  1235 | D:2      | Reached skill level 1 in Short Blades
  1235 | D:2      | Reached skill level 1 in Long Blades
  1235 | D:2      | Reached skill level 1 in Axes
  1235 | D:2      | Reached skill level 1 in Maces & Flails
  1235 | D:2      | Reached skill level 1 in Polearms
  1235 | D:2      | Reached skill level 1 in Staves
  1235 | D:2      | Reached skill level 1 in Ranged Weapons
  1235 | D:2      | Reached skill level 1 in Throwing
  1235 | D:2      | Reached skill level 1 in Armour
  1235 | D:2      | Reached skill level 1 in Stealth
  1235 | D:2      | Reached skill level 1 in Shields
  1235 | D:2      | Reached skill level 1 in Evocations
  1314 | D:2      | Reached XP level 4. HP: 34/34 MP: 9/11
  1660 | D:3      | Reached skill level 1 in Conjurations
  1660 | D:3      | Reached skill level 1 in Hexes
  1660 | D:3      | Reached skill level 1 in Summonings
  1660 | D:3      | Reached skill level 1 in Necromancy
  1660 | D:3      | Reached skill level 1 in Translocations
  1660 | D:3      | Reached skill level 1 in Fire Magic
  1660 | D:3      | Reached skill level 1 in Ice Magic
  1660 | D:3      | Reached skill level 1 in Air Magic
  1660 | D:3      | Reached skill level 1 in Earth Magic
  1660 | D:3      | Reached skill level 1 in Poison Magic
  1732 | D:3      | Found a transporter.
  1737 | D:3      | Noticed lotum's ghost (amateur FoFi)
  1747 | D:3      | Found a transporter.
  1767 | D:4      | Noticed Blork the orc
  1783 | D:4      | Killed Blork the orc
  1784 | D:4      | Reached XP level 5. HP: 14/41 MP: 9/12
  1797 | D:4      | Reached XP level 6. HP: 32/47 MP: 11/14
  1936 | D:3      | Reached skill level 5 in Dodging
  2185 | D:4      | Found a hazy altar of Hepliaklqana.
  2187 | D:4      | Found a hide-covered altar of Uskayaw.
  2191 | D:4      | Found a sparkling altar of Nemelex Xobeh.
  2192 | D:4      | Found an opulent altar of Gozag.
  2249 | D:4      | Noticed Robin
  2280 | D:4      | Killed Robin
  2442 | D:4      | Slain by a gnoll

Illustrated notes

Levels and vault maps discovered:
D:1:      saegor_arrival_simple_a, layout_loops_ring
D:2:      layout_basic, minmay_three_crescents
D:3:      layout_rooms, gammafunk_ghost_arena
D:4:      layout_rooms, minitemple, lightli_ossuary_entry_decrepit_ruins,
          minmay_crossroads, uniq_blork_the_orc, uniq_robin

Skill      XL: |  1  2  3  4  5  6 |
---------------+-------------------+-----
Spellcasting   | 5 |  5.4
Invocations    | 1 2 |  2.3
Short Blades   | 1 2 |  2.1
Long Blades    | 1 2 |  2.1
Axes           | 1 2 |  2.1
Maces & Flails | 1 2 |  2.1
Polearms       | 1 2 |  2.1
Staves         | 1 2 |  2.1
Ranged Weapons | 1 2 |  2.1
Throwing       | 1 2 |  2.1
Armour         | 1 2 |  2.1
Stealth        | 1 2 |  2.1
Shields        | 1 2 |  2.1
Evocations     | 1 2 |  2.1
Conjurations   | 1 |  1.6
Hexes          | 1 |  1.6
Summonings     | 1 |  1.6
Necromancy     | 1 |  1.6
Translocations | 1 |  1.6
Fire Magic     | 1 |  1.6
Ice Magic      | 1 |  1.6
Air Magic      | 1 |  1.6
Earth Magic    | 1 |  1.6
Poison Magic   | 1 |  1.6
Fighting       | 3 |  3.3
Transmutations | 4 |  4.1
Dodging        | 5 |  5.0
Unarmed Combat | |  6.9

Action                   |  1- 3 |  4- 6 || total
-------------------------+-------+-------++-------
Melee: Unarmed           |    83 |   105 ||   188
       Kick              |    15 |    18 ||    33
       Headbutt          |     3 |    11 ||    14
       Bite              |     1 |     3 ||     4
       Punch             |     4 |       ||     4
 Cast: Beastly Appendage |    23 |    15 ||    38
       Wereblood         |     1 |     5 ||     6
  Use: Potion            |     1 |     6 ||     7
 Stab: Sleeping          |     1 |     2 ||     3
       Invisible         |       |     2 ||     2
Armor: Robe              |    11 |     2 ||    13
       Skin              |    39 |       ||    39
       Leather armour    |       |    11 ||    11
Dodge: Dodged            |    42 |    77 ||   119

Table legend: (Time is in decaauts)
 A = Elapsed time spent in this place.
 B = Non-inter-level travel time spent in this place.
 C = Inter-level travel time spent in this place.
 D = Time resting spent in this place.
 E = Time spent auto-exploring this place.
 F = Levels seen in this place.
 G = Mean time per level.
                   A        B        C        D        E       F      G
               +--------+--------+--------+--------+--------+-----+--------+
         Total |   2417 |   2293 |    124 |     10 |   1591 |   4 |  604.2 |
       Dungeon |   2417 |   2293 |    124 |     10 |   1591 |   4 |  604.2 |
               +--------+--------+--------+--------+--------+-----+--------+

Top non-repeatable levels by time:
     D:2: 784 daAuts
     D:1: 770 daAuts
     D:3: 474 daAuts
     D:4: 387 daAuts
